 Dungeon Crawl Stone Soup version 0.19-a0-867-g949743d (webtiles) character file.

10308 Bodrick the Shatterer (level 11, -4/150 HPs)
             Began as an Ogre Berserker on July 3, 2016.
             Was a High Priest of Trog.
             Killed from afar by a guardian serpent (27 damage)
             ... with a bolt of poison
             ... on level 10 of the Dungeon.
             The game lasted 00:28:06 (9986 turns).

Bodrick the Shatterer (Ogre Berserker)              Turns: 9986, Time: 00:28:07

Health: -4/150     AC: 10    Str: 29    XL:     11   Next: 60%
Magic:  11/11      EV: 11    Int:  6    God:    Trog [*****.]
Gold:   602        SH:  0    Dex: 14    Spells: 0 memorised, 10 levels left

rFire  . . .     SeeInvis +     w - +0 giant club
rCold  + . .     Gourm    .     b - +1 animal skin
rNeg   . . .     Faith    .     (shield currently unavailable)
rPois  .         Spirit   .     l - +2 hat
rElec  .         Dismiss  .     d - +0 cloak
rCorr  .         Reflect  .     (gloves unavailable)
SustAt .         Harm     .     (boots unavailable)
MR     +....     Clarity  +     (no amulet)
Stlth  ..........               (no ring)
                                r - +3 ring of protection

@: berserking, lethally poisoned (-4 -> -7), slowed, somewhat resistant to
hostile enchantments, extremely unstealthy
A: unfitting armour, antennae 1, see invisible, agile 1, clarity, cold
resistance 1, tough skin 1
a: Berserk, Trog's Hand, Brothers in Arms, Burn Spellbooks, Renounce Religion


You were on level 10 of the Dungeon.
You worshipped Trog.
Trog was extremely pleased with you.
You were not hungry.

You visited 2 branches of the dungeon, and saw 11 of its levels.

You collected 602 gold pieces.

Inventory:

Hand Weapons
 w - a +0 giant club (weapon)
 B - a +0 blowgun
Missiles
 m - 184 stones (quivered)
 C - 17 poisoned needles
Armour
 b - a +1 animal skin (worn)
 d - a +0 cloak (worn)
 l - a +2 hat (worn)
Jewellery
 r - a +3 ring of protection (left hand)
Wands
 u - a wand of acid (9/15)
Scrolls
 f - 3 scrolls of enchant armour
 j - 2 scrolls of identify
 q - 2 scrolls of fear
 t - a scroll of remove curse
 x - a scroll of amnesia {unknown}
 y - a scroll of immolation {unknown}
Potions
 a - a potion of flight
 e - a potion of haste
 i - 2 potions of cancellation
 p - a potion of heal wounds
 s - 3 potions of lignification
 v - a potion of agility {unknown}
 z - a potion of cure mutation {unknown}
 A - a potion of curing {unknown}
Comestibles
 c - 2 bread rations
 g - 4 fruits
 k - a royal jelly
 n - 4 meat rations


   Skills:
 - Level 4.0 Fighting
 + Level 21.0 Maces & Flails
 - Level 2.6 Dodging


You had 10 spell levels left.
You didn't know any spells.

Dungeon Overview and Level Annotations

Branches:
Dungeon (10/15)            Temple (1/1) D:6            Lair (0/6) D:9
    Orc: D:9-12

Altars:
Ashenzari
Cheibriados
Dithmenos
Elyvilon
Fedhas
Gozag
Hepliaklqana
Kikubaaqudgha
Makhleb
Nemelex Xobeh
Okawaru
Pakellas
Qazlal
Ru
Sif Muna
Trog
Uskayaw
Vehumet
Xom
Yredelemnul
Zin
The Shining One

Shops:
D:5 (   D:7 %   D:9 :


Innate Abilities, Weirdness & Mutations

You are too large for most types of armour.
You have tough skin. (AC +1)
You have a pair of small antennae on your head.
You have supernaturally acute eyesight. (SInv)
You are agile. (Dex +2)
You possess an exceptional clarity of mind.
Your flesh is cold resistant. (rC+)


Message History

The giant frog hits you but does no damage.
The hound skeleton bites you but does no damage.
The hound bites you but does no damage. The wasp zombie barely misses you.
The giant frog closely misses you.
You closely miss the guardian serpent.
The guardian serpent hits you but does no damage.
The giant frog hits you but does no damage.
The hound skeleton bites you but does no damage.
The hound bites you but does no damage. The giant frog barely misses you.
The wasp zombie hits you!
* * * LOW HITPOINT WARNING * * *
You closely miss the guardian serpent. The guardian serpent hits you!!
* * * LOW HITPOINT WARNING * * *
The giant frog completely misses you. The giant frog barely misses you.
The hound skeleton bites you but does no damage.
The hound barely misses you. The wasp zombie closely misses you.
The guardian serpent coils itself and waves its upper body at you.
The bolt of poison hits you!
You are poisoned.
You die...

## ..# . #.# .. #.## .'
#..# #? #..#
..######..#############
......ShZ.............#
......F@F...##........#
#...#...Z(..##........#
..# ##....()##........#
. #......##........#
###....##........#
#....##........#
###..##........#
#..##..#####.# #..##..#
#.#


You could see a guardian serpent, 2 giant frogs, a hound, a wasp zombie and a
hound skeleton.

Vanquished Creatures
  Pikel (D:5)
  Maurice (D:10)
  Joseph (D:7)
  A troll (D:9)
  Prince Ribbit (D:5)
  25 yaks
  Sigmund (D:6)
  3 basilisks (D:9)
  Menkaure (D:4)
  Grum (D:8)
  2 water moccasins
  3 porcupines (D:9)
  Duvessa (D:5)
  2 sky beasts (D:8)
  A necrophage (D:8)
  A slave (D:5)
  2 ice beasts
  2 phantoms
  3 ogres
  4 wolves (D:8)
  2 centaurs
  A crocodile (D:9)
  Blork the orc (D:5)
  A big kobold (D:9)
  6 giant frogs
  3 river rats
  Dowan (D:5)
  3 scorpions
  4 killer bees (D:9)
  A howler monkey (D:4)
  3 crimson imps
  A giant frog zombie (D:9)
  2 centaur skeletons
  A giant frog skeleton (D:9)
  4 hounds
  A gnoll shaman (D:6)
  2 jellies
  6 orc wizards
  4 orc priests
  5 iguanas
  9 worker ants
  A mummy (D:6)
  A howler monkey zombie (D:7)
  A worker ant zombie (D:5)
  A howler monkey skeleton (D:8)
  4 gnolls (D:6)
  12 adders
  A shadow imp (D:5)
  An adder skeleton (D:8)
  A worm (D:2)
  3 dart slugs (D:1)
  5 giant geckos
  24 orcs
  9 bats
  4 giant cockroaches
  7 hobgoblins
  5 jackals
  15 kobolds
  4 quokkas
  2 ball pythons (D:3)
  A giant gecko skeleton (D:4)
  6 giant newts
  11 goblins
  A hobgoblin zombie (D:6)
  3 kobold zombies (D:6)
  6 rats
247 creatures vanquished.

Vanquished Creatures (others)
  A wizard (D:4)
  2 slaves (D:5)
  A howler monkey (D:5)
  A giant frog skeleton (D:5)
  An adder (D:5)
  A river rat (D:5)
  A rat (D:5)
8 creatures vanquished.

Grand Total: 255 creatures vanquished

Notes
Turn   | Place    | Note
-------+----------+-------------------------------------------
     0 | D:1      | Bodrick the Ogre Berserker began the quest for the Orb.
     0 | D:1      | Reached XP level 1. HP: 24/24 MP: 1/1
    12 | D:1      | Noticed a redback
    12 | D:1      | Noticed a hog
    12 | D:1      | Noticed a black mamba
    12 | D:1      | Noticed a seven-headed hydra
   200 | D:1      | Reached XP level 2. HP: 16/32 MP: 2/2
   420 | D:1      | Reached skill level 5 in Maces & Flails
   616 | D:1      | Reached XP level 3. HP: 31/39 MP: 3/3
   899 | D:2      | Found a shadowy altar of Dithmenos.
  1054 | D:2      | Reached ** piety under Trog
  1281 | D:2      | Reached skill level 6 in Maces & Flails
  1341 | D:2      | Reached XP level 4. HP: 41/48 MP: 4/4
  1794 | D:3      | Found a snail-covered altar of Cheibriados.
  1865 | D:3      | Reached skill level 7 in Maces & Flails
  2099 | D:3      | Reached *** piety under Trog
  2161 | D:3      | Reached XP level 5. HP: 18/54 MP: 5/5
  2383 | D:3      | Gained mutation: Your body sometimes deteriorates upon taking damage. [potion of mutation]
  2383 | D:3      | Gained mutation: You possess an exceptional clarity of mind. [potion of mutation]
  2383 | D:3      | Gained mutation: Your flesh is cold resistant. (rC+) [potion of mutation]
  2726 | D:4      | Reached skill level 8 in Maces & Flails
  2773 | D:4      | Reached XP level 6. HP: 53/62 MP: 6/6
  2802 | D:4      | Found an opulent altar of Gozag.
  2802 | D:4      | Found a white marble altar of Elyvilon.
  2802 | D:4      | Found a shattered altar of Ashenzari.
  2821 | D:4      | Reached skill level 9 in Maces & Flails
  3036 | D:4      | Found a bloodstained altar of Trog.
  3037 | D:4      | Noticed a wizard
  3043 | D:4      | Killed a wizard
  3110 | D:4      | Found a radiant altar of Vehumet.
  3153 | D:4      | Noticed Menkaure
  3159 | D:4      | Killed Menkaure
  3159 | D:4      | Reached skill level 10 in Maces & Flails
  3159 | D:4      | Reached XP level 7. HP: 62/70 MP: 7/7
  3185 | D:4      | Found an iron altar of Okawaru.
  3335 | D:4      | Found a bloodstained altar of Trog.
  3485 | D:4      | Found a burning altar of Makhleb.
  3488 | D:4      | Found a hazy altar of Hepliaklqana.
  3489 | D:4      | Found a sparkling altar of Nemelex Xobeh.
  3563 | D:5      | Entered Level 5 of the Dungeon
  3631 | D:5      | Noticed Blork the orc
  3647 | D:5      | Killed Blork the orc
  3795 | D:5      | Noticed Dowan
  3796 | D:5      | Noticed Duvessa
  3809 | D:5      | Reached skill level 11 in Maces & Flails
  3815 | D:5      | Killed Duvessa
  3947 | D:5      | Killed Dowan
  3947 | D:5      | Reached XP level 8. HP: 78/78 MP: 8/8
  4019 | D:5      | Found Huetzed's Antique Weapon Shoppe.
  4025 | D:5      | Reached skill level 12 in Maces & Flails
  4178 | D:5      | Noticed Prince Ribbit
  4198 | D:5      | HP: 4/117 [Prince Ribbit (17)]
  4203 | D:5      | Killed Prince Ribbit
  4255 | D:5      | Noticed Pikel
  4295 | D:5      | Killed Pikel
  4295 | D:5      | Reached skill level 14 in Maces & Flails
  4539 | D:5      | Reached XP level 9. HP: 76/84 MP: 9/9
  4974 | D:6      | Noticed Sigmund
  4987 | D:6      | Killed Sigmund
  5005 | D:6      | Found a staircase to the Ecumenical Temple.
  5017 | Temple   | Entered the Ecumenical Temple
  5297 | D:6      | Reached **** piety under Trog
  5297 | D:6      | Reached skill level 15 in Maces & Flails
  6122 | D:7      | Reached skill level 16 in Maces & Flails
  6579 | D:7      | Reached ***** piety under Trog
  6588 | D:7      | Found Gohahuil's Food Boutique.
  6895 | D:7      | Noticed Joseph
  6913 | D:7      | Killed Joseph
  6913 | D:7      | Reached XP level 10. HP: 58/92 MP: 10/10
  7217 | D:8      | Reached skill level 17 in Maces & Flails
  7428 | D:8      | Found a stormy altar of Qazlal.
  7444 | D:8      | Noticed Grum
  7467 | D:8      | Killed Grum
  7805 | D:8      | Found a glowing silver altar of Zin.
  7827 | D:8      | Reached skill level 18 in Maces & Flails
  7893 | D:8      | Gained mutation: You have a pair of small antennae on your head. [mutagenic meat]
  7896 | D:8      | Lost mutation: Your body sometimes deteriorates upon taking damage. [mutagenic meat]
  7899 | D:8      | Gained mutation: You are agile. (Dex +2) [mutagenic meat]
  7902 | D:8      | Gained mutation: You have supernaturally acute eyesight. (SInv) [mutagenic meat]
  8214 | D:8      | Found a blossoming altar of Fedhas.
  8477 | D:9      | Reached skill level 19 in Maces & Flails
  8508 | D:9      | Reached XP level 11. HP: 48/100 MP: 11/11
  8966 | D:9      | Reached skill level 20 in Maces & Flails
  9271 | D:9      | Found a staircase to the Lair.
  9560 | D:9      | Found Ycew's Book Shoppe.
  9876 | D:10     | Entered Level 10 of the Dungeon
  9961 | D:10     | Noticed Maurice
  9975 | D:10     | Killed Maurice
  9975 | D:10     | Reached skill level 21 in Maces & Flails
  9986 | D:10     | Killed from afar by a guardian serpent

Vault maps used:
D:1:      onia_arrival_zoo_common, minmay_crystal_room
D:2:      grunt_dithmenos_smoke, kennysheep_nub, st_stairs_10,
          serial_bayou_ford_a
D:3:      cheibriados_altar_1, first_bread
D:4:      marbit_many_paths, nicolae_overflow_hidden_temple,
          gammafunk_temple_overflow_forgotten, trog_wizard, uniq_menkaure
D:5:      portal_sewer_entry_b, serial_shops, shop_fountains,
          kennysheep_small_circle, uniq_pikel, uniq_blork_the_orc,
          uniq_prince_ribbit1, uniq_duvessa
D:6:      minmay_mini_ossuary, uniq_sigmund
D:7:      serial_shops, kennysheep_little_box, uniq_joseph
D:8:      grunt_temple_overflow_forces_of_nature, basic_altar, uniq_grum
D:9:      minmay_lair_entry_grove, serial_shops, shop
D:10:     minmay_bloctagon, the_bakery, nrook_guardian_serpent_double,
          uniq_josephine, uniq_maurice, uniq_sonja
Temple:   dpeg_three_leaves_temple

Skill      XL: |  1  2  3  4  5  6  7  8  9 10 11 |
---------------+----------------------------------+-----
Maces & Flails | 5 6 7 8 10 11 14 16 19 21 | 21.0
Fighting       | |  4.0
Dodging        | |  2.6

Action                   |  1- 3 |  4- 6 |  7- 9 | 10-12 || total
-------------------------+-------+-------+-------+-------++-------
Melee: Mace              |   133 |   190 |   344 |       ||   667
       Giant club        |       |       |    20 |   322 ||   342
Throw: Stone             |       |       |     1 |     3 ||     4
Invok: Berserk           |       |     4 |     6 |     2 ||    12
       Trog's Hand       |       |     1 |     4 |     2 ||     7
       Burn Spellbooks   |       |       |     2 |     2 ||     4
  Use: Scroll            |       |     5 |     9 |     1 ||    15
       Potion            |       |     1 |       |       ||     1
 Stab: Sleeping          |       |       |     1 |     1 ||     2
  Eat: Chunk             |     2 |     8 |    15 |    15 ||    40
       Beef jerky        |       |       |     1 |       ||     1
       Bread ration      |       |       |     1 |       ||     1
       Royal jelly       |       |       |       |     1 ||     1
Armor: Animal skin       |    54 |    44 |    74 |    75 ||   247
Dodge: Dodged            |    73 |    96 |   110 |    97 ||   376
